AoeStats
← Mycorrhizal

Arena

510158169Analyzed
3v3 RM · 2d ago on Sep 29, 2026· 41m 0s· 6 players
Game mode
Random Map
Map size
Normal (6 player)
Population
200
Speed
Normal
Resources
Standard
Victory
Conquest
Starting age
Dark Age
Ending age
Imperial Age
RankedLock teamsTeams togetherTeam positionsShared explorationLock speedFull tech treeHidden civsTurbo modeCheats
Victory
Defeat
🇨🇦 Lithuanians · Canada
1412
+12
🇧🇷 Cumans · Brazil
1316
+15
🇺🇸 Poles · United States
1295
+17
🇮🇳 Khmer · India
1325
-15
🇮🇳 Japanese · India
1310
-15
🇮🇳 Armenians · India
1287
-14
seangame151
10:34 Feudal Age
11:10 Double-Bit Axe
14:24 Castle Age
13:13 Horse Collar
15:20 Bow Saw
15:45 Heavy Plow
16:16 Loom
22:02 Wheelbarrow
21:22 Gold Mining
21:35 Town Watch
26:19 Imperial Age
24:24 Scale Barding Armor
25:20 Szlachta Privileges
25:46 Chain Barding Armor
26:21 Bloodlines
26:11 Husbandry
30:58 Conscription
33:28 Cavalier
34:20 Forging
35:02 Crop Rotation
35:37 Iron Casting
35:33 Light Cavalry
38:09 Blast Furnace
37:23 Capped Ram
39:18 Hand Cart
Vhl.FalconKing
8:52 Feudal Age
9:28 Double-Bit Axe
9:26 Horse Collar
17:44 Loom
20:38 Castle Age
19:11 Forging
21:12 Bloodlines
21:10 Capped Ram
22:21 Fletching
23:51 Bow Saw
23:11 Pikeman
23:53 Squires
24:08 Heavy Plow
24:43 Scale Mail Armor
30:59 Imperial Age
31:09 Iron Casting
30:39 Scale Barding Armor
31:19 Cavalier
33:05 Blast Furnace
32:51 Paladin
34:17 Chain Barding Armor
37:07 Gold Mining
38:21 Two-Man Saw
37:51 Crop Rotation
38:38 Plate Barding Armor
Mycorrhizal
4:59 Loom
10:33 Feudal Age
14:40 Castle Age
13:27 Double-Bit Axe
13:40 Horse Collar
14:40 Stone Mining
16:10 Bow Saw
20:55 Gold Mining
24:29 Heavy Plow
25:03 Scale Barding Armor
25:18 Fletching
26:32 Bodkin Arrow
28:23 Wheelbarrow
31:06 Imperial Age
30:09 Hand Cart
30:04 Town Watch
31:18 Forging
31:29 Chain Barding Armor
31:44 Elite Leitis
33:49 Plate Barding Armor
34:08 Iron Casting
33:34 Bracer
33:05 Capped Ram
34:10 Scale Mail Armor
33:33 Pikeman
34:14 Squires
34:15 Halberdier
35:41 Conscription
35:19 Arson
35:52 Chain Mail Armor
35:40 Bracer
38:56 Padded Archer Armor
41:46 Bloodlines
41:38 Husbandry
Nawaab
12:10 Feudal Age
12:19 Feudal Age
12:57 Loom
15:41 Castle Age
13:32 Double-Bit Axe
13:28 Horse Collar
17:31 Bloodlines
19:27 Bow Saw
21:18 Husbandry
22:36 Scale Mail Armor
23:44 Scale Barding Armor
24:07 Heavy Plow
24:04 Town Watch
24:54 Wheelbarrow
26:51 Forging
28:46 Chain Barding Armor
30:26 Fletching
33:11 Bodkin Arrow
34:02 Wheelbarrow
37:51 Imperial Age
36:05 Ballistics
36:00 Padded Archer Armor
35:55 Gold Mining
36:49 Hand Cart
37:17 Scale Mail Armor
37:52 Iron Casting
37:20 Pikeman
38:19 Halberdier
39:47 Chain Mail Armor
41:46 Blast Furnace
PaikSiegePush
5:10 Loom
11:34 Feudal Age
14:15 Double-Bit Axe
18:08 Castle Age
18:08 Horse Collar
18:20 Stone Mining
18:34 Gold Mining
20:49 Fletching
22:10 Town Watch
23:24 Bow Saw
27:44 Imperial Age
25:51 Town Watch
26:43 Wheelbarrow
27:21 Bodkin Arrow
28:16 Ballistics
28:20 Fortified Wall
29:14 Bracer
30:26 Masonry
32:45 Conscription
33:31 Padded Archer Armor
33:55 Hand Cart
Anath3mA
10:19 Feudal Age
12:03 Double-Bit Axe
14:54 Castle Age
13:06 Horse Collar
15:07 Loom
15:56 Bow Saw
17:50 Forging
20:20 Husbandry
23:55 Gold Mining
24:50 Wheelbarrow
26:41 Hand Cart
26:59 Sanctity
27:31 Heavy Plow
31:06 Imperial Age
30:07 Pikeman
31:33 Squires
31:34 Scale Mail Armor
32:10 Iron Casting
31:09 Halberdier
33:18 Chain Mail Armor
33:49 Conscription
34:33 Blast Furnace
35:00 Plate Mail Armor
34:39 Yasama
36:17 Masonry
37:06 Fletching
37:38 Ballistics
37:11 Guard Tower
37:07 Arrowslits
38:45 Bodkin Arrow
39:56 Arson
Connection lost

Rejoining the realm…

Still unreachable

The connection could not be restored.

Session expired

The server has moved on; the page needs a fresh start.